 Dungeon Crawl Stone Soup version 0.31-a0-252-gc4385922b5 (webtiles) character file.

Game seed: 9537715683641744572

112 qw the Shooter (level 4, 0/36 HPs)
             Began as a Minotaur Hexslinger on July 12, 2023.
             Slain by a sky beast (5 damage)
             ... on level 3 of the Dungeon.
             The game lasted 00:00:39 (1995 turns).

qw the Shooter (Minotaur Hexslinger)                Turns: 1995, Time: 00:00:39

Health: 0/36       AC:  5    Str: 13    XL:     4   Next: 64%
Magic:  4/4        EV: 11    Int: 10    God:
Gold:   175        SH:  0    Dex: 14    Spells: 4/5 levels left

rFire   . . .        Y - +1 sling
rCold   . . .        (no shield)
rNeg    . . .        b - +0 ring mail
rPois   .            (helmet restricted)
rElec   .            (no cloak)
rCorr   .            (no gloves)
SInv    .            (no boots)
Will    .....        (no amulet)
Stlth   +            (no ring)
HPRegen 0.26/turn    (no ring)
MPRegen 0.09/turn

%: no passive effects
@: no status effects
A: horns 2, retaliatory headbutt
a: no special abilities


You were on level 3 of the Dungeon.
You visited 1 branch of the dungeon, and saw 3 of its levels.

You collected 175 gold pieces.


Innate Abilities, Weirdness & Mutations

You have a pair of horns on your head.
You reflexively headbutt those who attack you in melee.


   Skills:
 - Level 2.0 Fighting
 + Level 4.6 Ranged Weapons
 - Level 2.1 Armour
 - Level 2.1 Dodging
 - Level 1.0 Spellcasting
 - Level 2.0 Hexes


You had 4 spell levels left.
You knew the following spells:

 Your Spells              Type           Power      Damage    Failure   Level
a - Slow                  Hex            16%        N/A       32%         1

Your spell library contained the following spells:

 Spells                   Type           Power      Damage    Failure   Level
 Inner Flame              Hex/Fire       2%         N/A       82%         3
 Portal Projectile        Hex/Tloc       4%         N/A       82%         3
 Cause Fear               Hex            2%         N/A       97%         4

Inventory:

Hand Weapons
 Y - a +1 sling (weapon)
Armour
 b - a +0 ring mail (worn)
Scrolls
 d - a scroll of identify
Potions
 a - a potion of resistance {unknown}
 c - a potion of lignification {unknown}
 f - a potion of cancellation {unknown}

Dungeon Overview and Level Annotations

Branches:
Dungeon (3/15)

Altars:
Qazlal


Message History

You shoot a sling bullet. The sling bullet hits the hobgoblin.
The hobgoblin is almost dead.
The hobgoblin hits you.
You shoot a sling bullet. The sling bullet hits the hobgoblin.
You kill the hobgoblin!
The sky beast closely misses you.
You shoot a sling bullet. The sling bullet hits the sky beast.
The sky beast is moderately wounded.
The sky beast hits you but does no damage.
You shoot a sling bullet. The sling bullet misses the sky beast.
The sky beast hits you. The sky beast shocks you. The sky beast hits you.
The sky beast shocks you.
You shoot a sling bullet.
The sling bullet closely misses the sky beast.
The sky beast hits you but does no damage.
You shoot a sling bullet.
The sling bullet closely misses the sky beast.
The sky beast hits you but does no damage.
You shoot a sling bullet. The sling bullet hits the sky beast.
The sky beast is moderately wounded.
The sky beast barely misses you.
You shoot a sling bullet.
The sling bullet barely misses the sky beast.
The sky beast hits you. The sky beast shocks you.
The sky beast flickers out of sight!
Deactivating autopickup; reactivate with Ctrl-A.
Something hits you but does no damage.
You shoot a sling bullet. Something barely misses you.
You shoot a sling bullet. Something hits you but does no damage.
You shoot a sling bullet. Something hits you. Something shocks you.
You shoot a sling bullet.
Something hits you but does no damage. x2
You shoot a sling bullet. Something hits you but does no damage.
You shoot a sling bullet. Something hits you. Something shocks you.
You die...

##...##........# .##.
##.###.....#.## .. #
#..###...###.# #.##
#.###...## #.# .....
#.#....## ##.###....#
#.#....####.........##
###.#.....##...###......
#...#...#.##.#........#
#.###...#....###@{#..#.
...#......<.........#
........##...####......_
....######.### #.?#...
...## #.# ...#.$ .).#
#.# ....#. .%.# #..
.[... ...# #.. .....
#### #..


There were no monsters in sight!

Vanquished Creatures
  An orc priest (D:2)
  An orc wizard (D:2)
  2 adders (D:2)
  3 orcs
  4 endoplasms
  2 giant cockroaches
  7 goblins
  A hobgoblin (D:3)
  4 kobolds (D:2)
  A quokka (D:2)
  A ball python (D:2)
  3 bats
  5 frilled lizards
  A rat (D:3)
36 creatures vanquished.

Notes
Turn   | Place    | Note
-------+----------+-------------------------------------------
     0 | D:1      | qw the Minotaur Hexslinger began the quest for the Orb.
     0 | D:1      | Reached XP level 1. HP: 16/16 MP: 1/1
     0 | D:1      | 0 ||| qw: Version: 0.3-a-52-g30416fa
     0 | D:1      | 0 ||| qw: Game counter: 6621
     0 | D:1      | 0 ||| qw: Melee chars always use a shield: true
     0 | D:1      | 0 ||| qw: God list: Okawaru
     0 | D:1      | 0 ||| qw: Allow faded altars: false
     0 | D:1      | 0 ||| qw: Do Orc after clearing Dungeon:15 true
     0 | D:1      | 0 ||| qw: Do second Lair branch before Depths: true
     0 | D:1      | 0 ||| qw: Lair rune preference: random
     0 | D:1      | 0 ||| qw: Goals: Normal
     0 | D:1      | 0 ||| PLANNING D:1-11
   188 | D:1      | Reached skill level 3 in Ranged Weapons
   192 | D:1      | Reached XP level 2. HP: 23/23 MP: 2/2
   674 | D:1      | 674 ||| READING scroll labelled SEYG ACEECROTY.
   675 | D:1      | 675 ||| READING scroll labelled GIULIY HEWNUTY.
   776 | D:1      | 776 ||| READING scroll labelled ACIEVU OJOLEDE.
   777 | D:1      | 777 ||| DROPPING scroll of poison.
  1277 | D:2      | Reached XP level 3. HP: 13/29 MP: 3/3
  1280 | D:2      | HP: 7/29 [poisoned by an adder]
  1618 | D:2      | 1618 ||| DRINKING 2 inky potions.
  1619 | D:2      | 1619 ||| DROPPING potion of brilliance.
  1638 | D:3      | 1638 ||| STAIRDANCE
  1649 | D:2      | Reached skill level 4 in Ranged Weapons
  1721 | D:2      | 1721 ||| UPGRADING to +0 ring mail.
  1731 | D:2      | 1731 ||| DROPPING +0 robe.
  1738 | D:3      | 1738 ||| STAIRDANCE
  1742 | D:2      | Reached XP level 4. HP: 26/36 MP: 4/4
  1784 | D:3      | 1784 ||| STAIRDANCE
  1843 | D:3      | 1843 ||| STAIRDANCE
  1845 | D:3      | 1845 ||| STAIRDANCE
  1978 | D:3      | Found a stormy altar of Qazlal.
  1978 | D:3      | Noticed a sky beast
  1992 | D:3      | HP: 5/36 [something (6)]
  1995 | D:3      | Slain by a sky beast

Levels and vault maps discovered:
D:1:      denvon_arrival_planthouse, layout_loops_cross
D:2:      layout_loops_cross, dk_noncrumbling_2
D:3:      layout_rooms, nicolae_qazlal_beasts_of_the_sky

Skill      XL: |  1  2  3 |
---------------+----------+-----
Ranged Weapons | 3 4 |  4.6
Fighting       | 2 |  2.0
Armour         | 2 |  2.1
Dodging        | |  2.1
Spellcasting   | |  1.0
Hexes          | |  2.0

Action                     |  1- 3 |  4- 6 || total
---------------------------+-------+-------++-------
   Fire: Sling             |    93 |    43 ||   136
    Use: Scroll            |     3 |       ||     3
         Potion            |     1 |       ||     1
 Armour: Robe              |    12 |       ||    12
         Ring mail         |     5 |    15 ||    20
  Dodge: Dodged            |    36 |    15 ||    51

Table legend:
 A = Non-vault XP
 B = Vault XP
 C = Vault XP percentage of total XP
 D = Non-vault monster count
 E = Vault monster count
 F = Vault count percentage of total count
                 A         B        C        D         E       F
            +---------+---------+-------+---------+---------+-------
      Total |     161 |       0 |   0.0 |      36 |       0 |   0.0
            +---------+---------+-------+---------+---------+-------
        D:1 |      16 |       0 |   0.0 |       9 |       0 |   0.0
        D:2 |     131 |       0 |   0.0 |      19 |       0 |   0.0
        D:3 |      14 |       0 |   0.0 |       8 |       0 |   0.0
            +---------+---------+-------+---------+---------+-------
